 Dungeon Crawl Stone Soup version 0.29.1-12-g30fa7ad0bf (webtiles) character file.

Game seed: 15873933998493939434

214 MisterFreud the Scratcher (level 5, -5/24 HPs)
             Began as a Felid Abyssal Knight on Dec 17, 2022.
             Was an Elder of Lugonu.
             Slain by a gnoll
             ... wielding a +0 flail
              (9 damage)
             ... on level 5 of the Dungeon.
             The game lasted 00:05:28 (5657 turns).

MisterFreud the Scratcher (Felid Abyssal Knight)    Turns: 5657, Time: 00:05:28

Health: -5/24      AC:  1    Str:  9    XL:     5   Next: 59%
Magic:  7/7        EV: 18    Int: 11    God:    Lugonu [****..]
Gold:   288        SH:  5    Dex: 19    Spells: 4/4 levels left
                                        Lives:  0   Deaths: 1

rFire   . . .      SeeInvis +     - Unarmed
rCold   . . .      Faith    .   (shield unavailable)
rNeg    . . .      Spirit   .   (body armour unavailable)
rPois   .          Reflect  +   (helmet unavailable)
rElec   .          Harm     .   (cloak unavailable)
rCorr   .          Rampage  .   (gloves unavailable)
Will    .....                   (boots unavailable)
Stlth   +++.......              j - amulet of reflection
HPRegen 0.08/turn               (no ring)
MPRegen 0.10/turn               (no ring)

@: quick
A: very small, claws 1, fangs 3, see invisible, speed 1, shaggy fur 1, stealthy
paws, no weapons or thrown items, no armour, multi-lived
a: Renounce Religion, Depart the Abyss, Bend Space, Banish, Corrupt


You were on level 5 of the Dungeon.
You worshipped Lugonu.
Lugonu was greatly pleased with you.
You visited 1 branch of the dungeon, and saw 5 of its levels.
You visited the Abyss 1 time.

You collected 351 gold pieces.
You spent 63 gold pieces at shops.

Inventory:

Jewellery
 j - an amulet of reflection (around neck)
Scrolls
 a - 2 scrolls of poison
Potions
 b - a potion of brilliance
 c - 2 potions of cancellation {unknown}
 d - 2 potions of mutation
 e - a potion of flight
 f - a potion of magic {unknown}
 g - 3 potions of curing {unknown}
 h - a potion of might {unknown}
 i - a potion of degeneration {unknown}
 k - 3 potions of ambrosia {unknown}
 l - a potion of lignification {unknown}
 m - a potion of resistance {unknown}


   Skills:
 - Level 3.0 Fighting
 - Level 3.2 Dodging
 + Level 4.5 Stealth
 * Level 5.2 Unarmed Combat
 + Level 2.4 Invocations


You had 4 spell levels left.
You didn't know any spells.
Your spell library contained the following spells:

 Spells                   Type           Power      Damage    Failure   Level
 Gell's Gravitas          Tloc           0%         N/A       71%         3
 Lesser Beckoning         Tloc           0%         N/A       71%         3
 Teleport Other           Tloc           0%         N/A       71%         3


Dungeon Overview and Level Annotations

Branches:
Dungeon (5/15)
 Temple: D:4-7

Altars:

Shops:
D:4 *


Innate Abilities, Weirdness & Mutations

You have sharp claws.
You have razor-sharp teeth.
You have supernaturally acute eyesight. (SInv)
You cover ground quickly. (Speed+)
You are covered in fur. (AC +1)
Your paws help you pounce on unaware monsters.
You are incapable of wielding weapons or throwing items.
You cannot wear armour.
You gain extra lives every three experience levels.


Message History

You scratch the iguana.
You kill the iguana!
Lugonu accepts your kill.
You start resting.
A gnoll is nearby!
A gnoll is nearby!
The gnoll shouts!
The gnoll hits you with a +0 spear.
You scratch the gnoll.
The gnoll is lightly wounded.
The gnoll barely misses you.
You claw the gnoll!
The gnoll is severely wounded.
The gnoll closely misses you.
You scratch the gnoll.
You kill the gnoll!
Lugonu accepts your kill.
c - 2 bubbling purple potions (gained 1)
You now have 288 gold pieces (gained 20).
You see here a +0 spear.
You start resting.
A gnoll is nearby!
You aren't in the Abyss!
The gnoll misses you.
You claw the gnoll! You bite the gnoll.
The gnoll is almost dead.
You block the gnoll's attack.
You barely miss the gnoll.
The gnoll is almost dead.
The gnoll hits you with a +0 flail.
You closely miss the gnoll.
The gnoll is almost dead.
The gnoll hits you with a +0 flail!
* * * LOW HITPOINT WARNING * * *
You barely miss the gnoll.
The gnoll is almost dead.
You scratch the gnoll but do no damage.
The gnoll is almost dead.
The gnoll hits you with a +0 flail!
You die...

##.......# ..#.#
#.......#
..#.#######
#.#######
#.#.......# ##.###
#.#.......# +..<.#
#.#)......#
##'######
#.........+
#.......#
####.#.......#
#.......#
#....#.#######
#.......# #....#@#
##'########....#g#
#........'....#.#
##########...##..
........
#########. . .#


You could see a gnoll.

Vanquished Creatures
  A scorpion (D:4)
  An iguana (D:5)
  7 gnolls
  5 adders
  An ufetubus (D:4)
  A worm (D:2)
  3 dart slugs
  4 endoplasms
  4 giant cockroaches
  17 goblins
  7 hobgoblins
  5 jackals
  A quokka (D:3)
  5 ball pythons
  2 bats
  5 frilled lizards
  9 kobolds
  11 rats
89 creatures vanquished.

Notes
Turn   | Place    | Note
-------+----------+-------------------------------------------
     0 | Abyss:1  | MisterFreud the Felid Abyssal Knight began the quest for
                  | the Orb.
     0 | Abyss:1  | Reached XP level 1. HP: 10/10 MP: 3/3
     1 | D:1      | Escaped the Abyss
    91 | D:1      | Found a faded altar of an unknown god.
   160 | D:1      | Reached skill level 1 in Stealth
   408 | D:1      | Reached XP level 2. HP: 14/14 MP: 4/4
  1048 | D:1      | Reached skill level 3 in Unarmed Combat
  1315 | D:1      | Reached XP level 3. HP: 14/17 MP: 5/5
  1989 | D:2      | Reached *** piety under Lugonu
  2413 | D:2      | Reached XP level 4. HP: 18/21 MP: 6/6
  3346 | D:3      | Reached skill level 4 in Unarmed Combat
  3771 | D:3      | Reached **** piety under Lugonu
  3772 | D:3      | Reached XP level 5. HP: 24/24 MP: 7/7
  4133 | D:4      | Slain by an ufetubus
  4134 | D:4      | Reached XP level 4. HP: 0/21 MP: 6/6
  4221 | D:4      | Noticed a scorpion
  4229 | D:4      | Killed a scorpion
  4230 | D:4      | Reached XP level 5. HP: 10/24 MP: 7/7
  4488 | D:4      | Reached skill level 5 in Unarmed Combat
  4658 | D:4      | Found Torheet's Assorted Antiques.
  4727 | D:4      | Bought an amethyst potion for 20 gold pieces
  4727 | D:4      | Bought a scroll labelled JONA NAEBAJA for 23 gold pieces
  4727 | D:4      | Bought a coppery potion for 20 gold pieces
  5197 | D:5      | Entered Level 5 of the Dungeon
  5657 | D:5      | Slain by a gnoll

Illustrated notes

Levels and vault maps discovered:
D:1:      sevenhm_arrival_forest_fort_large_2, layout_loops_corners,
          nicolae_ecumenical_lake_church
D:2:      layout_loops_ring, minmay_tree_intersection,
          wander_ebering_terrifying_dragon_lair
D:3:      layout_rooms, minmay_increasing_density
D:4:      layout_rooms, serial_shops, nicolae_shop_crystal
D:5:      layout_basic, minmay_temple_entry_large_hall, uniq_prince_ribbit1

Skill      XL: |  1  2  3  4  5 |
---------------+----------------+-----
Stealth        | 1 2 4 |  4.5
Unarmed Combat | 3 4 5 |  5.2
Invocations    | 2 |  2.4
Fighting       | |  3.0
Dodging        | |  3.2

Action                   |  1- 3 |  4- 6 || total
-------------------------+-------+-------++-------
Melee: Unarmed           |   107 |   135 ||   242
       Bite              |    12 |    11 ||    23
       Punch             |     3 |     3 ||     6
  Use: Scroll            |       |     8 ||     8
       Potion            |       |     3 ||     3
 Stab: Sleeping          |     3 |    14 ||    17
Armor: Skin              |     1 |     3 ||     4
Dodge: Dodged            |    73 |    99 ||   172
Block: Other             |       |    17 ||    17
